AoeStats
← Iguano Pop

Black Forest

508594428Analyzed
2v2 RM · 9d ago on Sep 23, 2026· 49m 8s· 4 players
Game mode
Random Map
Map size
Medium (4 player)
Population
200
Speed
Normal
Resources
Standard
Victory
Conquest
Starting age
Dark Age
Ending age
Imperial Age
RankedLock teamsTeams togetherTeam positionsShared explorationLock speedFull tech treeHidden civsTurbo modeCheats
Victory
Defeat
🇹🇷 Bohemians · Türkiye
1238
+17
🇩🇪 Celts · Germany
1217
+17
🇲🇽 Spanish · Mexico
1287
-18
🇪🇸 Danes · Spain
1213
-16
Golden Experience
0:42 Loom
13:09 Feudal Age
16:54 Castle Age
16:44 Double-Bit Axe
19:31 Fervor
20:42 Bow Saw
20:20 Horse Collar
21:28 Sanctity
30:18 Imperial Age
27:35 Town Watch
29:03 Wheelbarrow
28:29 Town Patrol
30:25 Hand Cart
29:40 Pikeman
30:20 Squires
30:23 Scale Mail Armor
30:33 Forging
32:03 Chemistry
31:23 Ballistics
33:26 Conscription
34:53 Houfnice
36:02 Light Cavalry
36:43 Husbandry
39:57 Halberdier
44:04 Chain Mail Armor
44:24 Iron Casting
43:40 Fletching
43:50 Padded Archer Armor
47:48 Wagenburg Tactics
uli2099
1:36 Loom
14:04 Feudal Age
18:12 Castle Age
18:15 Double-Bit Axe
18:14 Horse Collar
19:41 Bow Saw
21:13 Wheelbarrow
24:50 Elite Skirmisher
26:46 Fishing Lines
28:36 Hand Cart
28:26 Gold Mining
30:01 Gold Shaft Mining
33:57 Imperial Age
31:45 Stone Mining
32:18 Heavy Plow
33:15 Stone Shaft Mining
33:35 Pikeman
34:14 Fletching
34:29 Scale Barding Armor
34:31 Onager
37:03 Conscription
38:25 Furor Celtica
38:29 Masonry
39:20 Chemistry
38:41 Ballistics
38:54 Forging
38:44 Scale Mail Armor
38:38 Halberdier
40:54 Chain Mail Armor
41:14 Iron Casting
42:28 Siege Onager
44:47 Plate Mail Armor
45:39 Elite Woad Raider
49:15 Blast Furnace
Jambo
1:03 Loom
10:33 Feudal Age
15:08 Castle Age
13:43 Double-Bit Axe
13:40 Horse Collar
16:43 Heavy Plow
17:27 Bow Saw
19:00 Gold Mining
22:28 Wheelbarrow
23:29 Hand Cart
24:17 Gold Shaft Mining
23:36 Stone Mining
30:13 Imperial Age
27:31 Town Watch
28:29 Ballistics
28:01 Fletching
29:40 Bodkin Arrow
30:51 Town Patrol
30:23 Onager
32:07 Chemistry
31:14 Siege Engineers
30:47 Northmen's Fury
31:36 Bracer
31:50 Forging
31:41 Scale Mail Armor
31:56 Scale Mail Armor
31:39 Siege Onager
33:06 Iron Casting
32:52 Chain Mail Armor
33:21 Bracer
34:13 Plate Mail Armor
35:35 Blast Furnace
35:14 Conscription
35:32 Hoardings
38:30 Gambesons
38:06 Man-at-Arms
38:49 Squires
38:35 Arson
39:27 Masonry
39:13 Murder Holes
38:50 Long Swordsman
39:37 Two-Handed Swordsman
40:27 Champion
Iguano Pop
1:33 Loom
13:12 Feudal Age
17:45 Castle Age
16:44 Stone Mining
27:24 Double-Bit Axe
31:54 Town Watch
32:49 Wheelbarrow
34:38 Hand Cart
36:31 Gold Mining
39:44 Imperial Age
40:10 Masonry
41:32 Chemistry
Connection lost

Rejoining the realm…

Still unreachable

The connection could not be restored.

Session expired

The server has moved on; the page needs a fresh start.